 Dungeon Crawl Stone Soup version 0.25-a0-317-g5f8687bca5 (webtiles) character file.

Game seed: 6385429382345659840, levelgen mode: classic

291 Borgoz the Skirmisher (level 6, -4/39 HPs)
             Began as a Gargoyle Fighter on Dec 25, 2019.
             Slain by an iron imp (6 damage)
             ... summoned by Eustachio
             ... on level 4 of the Dungeon.
             The game lasted 00:02:53 (2844 turns).

Borgoz the Skirmisher (Gargoyle Fighter)            Turns: 2844, Time: 00:02:54

Health: -4/39      AC: 11    Str: 21 (24) XL:     6   Next: 32%
Magic:  6/6        EV:  8    Int:  6 (9)  God:
Gold:   236        SH:  9    Dex:  8 (11) Spells: 5/5 levels left

rFire    . . .     SeeInvis .   a - +0 flail
rCold    . . .     Gourm    .   c - +0 shield
rNeg     + . .     Faith    .   b - +0 scale mail
rPois    ∞         Spirit   .   (no helmet)
rElec    +         Reflect  .   (no cloak)
rCorr    .         Harm     .   (no gloves)
MR       .....                  (no boots)
Stlth    ..........             (no amulet)
HPRegen  0.13/turn              (no ring)
MPRegen  0.10/turn              (no ring)

@: mighty
A: negative energy resistance 1, electricity resistance, unbreathing,
petrification resistance, rot immunity, AC +4
a: no special abilities


You were on level 4 of the Dungeon.
You were not hungry.

You visited 1 branch of the dungeon, and saw 4 of its levels.

You collected 236 gold pieces.

Inventory:

Hand Weapons
 a - a +0 flail (weapon)
Armour
 b - a +0 scale mail (worn)
 c - a +0 shield (worn)
Wands
 n - a wand of polymorph (6)
Scrolls
 e - a scroll of magic mapping {unknown}
 h - 2 scrolls of enchant weapon {unknown}
 i - 2 scrolls of blinking {unknown}
 j - a scroll of identify
 o - a scroll of remove curse
 q - a scroll of random uselessness {unknown}
 s - a scroll of teleportation {unknown}
Potions
 g - a potion of magic
 l - a potion of haste {unknown}
 p - a potion of agility {unknown}
 r - a potion of berserk rage
Comestibles
 f - 10 rations
 m - a chunk of flesh


   Skills:
 + Level 4.3 Fighting
 * Level 4.0 Maces & Flails
 + Level 4.2 Armour
 + Level 1.7 Dodging
 + Level 4.3 Shields


You had 5 spell levels left.
You didn't know any spells.
Your spell library was empty.

Dungeon Overview and Level Annotations

Branches:
Dungeon (4/15)
 Temple: D:4-7

Altars:
Cheibriados
Dithmenos
Ru
Sif Muna
Uskayaw
Xom

Annotations:
D:4 Eustachio


Innate Abilities, Weirdness & Mutations

You are resistant to torment.
Your stone body is resilient. (AC +4)
You are immune to poison.
You resist negative energy. (rN+)
You are resistant to electric shocks. (rElec)
You can survive without breathing.
You are immune to petrification.
You are immune to rotting.


Message History

* * * LOW HITPOINT WARNING * * *
You block Eustachio's attack.
The iron imp hits you but does no damage.
You closely miss Eustachio.
Eustachio is almost dead.
The hound barks!
The river rat bites you but does no damage.
Eustachio hits you with a +2 vampiric rapier.
* * * LOW HITPOINT WARNING * * *
The iron imp hits you but does no damage. x2
The phantom barely misses you.
It was a potion of degeneration.
There was something very wrong with that liquid.
You feel weakened.
You feel dopey.
You feel clumsy. The river rat closely misses you.
Eustachio mumbles some strange words.
The phantom hits you but does no damage.
The iron imp hits you but does no damage.
The iron imp hits you.
You die...

................
#............#.........
.##.......#....##........ #. #
..........##............. #..###.
#......h...............>.
....#..###.....55................
........<........8..#......##....
....#.##.......5.@..#.......#.#..
..#....##...##b5@...##.....#..#..
..#............rW..##............
.......#...................##....
...........................##....
.#.................###.##...#....
.##.....................#.#.##...
....................##....#.##...
.................##.........##...
...............#.......#...###.P.


You could see Eustachio, a phantom, a hound, 2 iron imps, a crimson imp, a river
rat, an ufetubus and a bat.

Vanquished Creatures
  A phantom (D:4)
  A bullfrog zombie (D:4)
  A hound (D:4)
  A bullfrog skeleton (D:4)
  A hound zombie (D:4)
  A worker ant zombie (D:4)
  2 adders (D:2)
  An ooze (D:1)
  2 adder skeletons (D:4)
  2 adder zombies (D:4)
  A worm (D:2)
  A dart slug (D:2)
  A leopard gecko (D:2)
  A giant cockroach (D:3)
  5 goblins (D:1)
  12 hobgoblins
  A quokka (D:2)
  5 bats
  7 frilled lizards
  A jackal zombie (D:4)
  8 kobolds
  A leopard gecko zombie (D:4)
  A quokka skeleton (D:4)
  3 rats
61 creatures vanquished.

Notes
Turn   | Place    | Note
-------+----------+-------------------------------------------
     0 | D:1      | Borgoz the Gargoyle Fighter began the quest for the Orb.
     0 | D:1      | Reached XP level 1. HP: 14/14 MP: 1/1
   150 | D:1      | Reached XP level 2. HP: 19/19 MP: 2/2
   451 | D:1      | Reached XP level 3. HP: 23/23 MP: 3/3
   789 | D:2      | Found a shimmering altar of Xom.
  1108 | D:2      | Reached XP level 4. HP: 28/29 MP: 4/4
  1275 | D:2      | Found a hide-covered altar of Uskayaw.
  1275 | D:2      | Found a shimmering blue altar of Sif Muna.
  1276 | D:2      | Found a sacrificial altar of Ru.
  1341 | D:2      | Found a snail-covered altar of Cheibriados.
  1457 | D:3      | Found a shadowy altar of Dithmenos.
  1473 | D:3      | Found a faded altar of an unknown god.
  2328 | D:4      | Reached skill level 1 in Dodging
  2328 | D:4      | Reached XP level 5. HP: 11/33 MP: 5/5
  2673 | D:4      | Noticed a phantom
  2710 | D:4      | Killed a phantom
  2710 | D:4      | Reached XP level 6. HP: 25/39 MP: 6/6
  2808 | D:4      | Noticed Eustachio
  2812 | D:4      | Noticed a phantom
  2844 | D:4      | Slain by an iron imp

Levels and vault maps discovered:
D:1:      dpeg_arrival_orchard, layout_basic, feat_on_display
D:2:      layout_loops_ring, overflow_temple_1_default, kennysheep_slug_shrine,
          gammafunk_temple_overflow_claw
D:3:      layout_basic, grunt_dithmenos_smoke_and_mirrors,
          chequers_ecumenical_altar_island, minivault_4, minmay_misc_feat_rows
D:4:      minmay_chambers_of_twos, layout_cave_pools, serial_undead,
          serial_undead_e, serial_undead_f, serial_undead_a, serial_undead_d,
          serial_undead_b, serial_undead_b, serial_undead_c, uniq_eustachio

Skill      XL: |  1  2  3  4  5 |
---------------+----------------+-----
Maces & Flails | 3 4 |  4.0
Dodging        | 1 |  1.7
Fighting       | 4 |  4.3
Armour         | 4 |  4.2
Shields        | 4 |  4.3

Action                   |  1- 3 |  4- 6 || total
-------------------------+-------+-------++-------
Melee: Flail             |   127 |   179 ||   306
  Use: Scroll            |       |     4 ||     4
       Potion            |       |     2 ||     2
  Eat: Chunk             |     1 |     3 ||     4
       Ration            |       |     1 ||     1
Armor: Scale mail        |    61 |   142 ||   203
Dodge: Dodged            |    39 |    88 ||   127
Block: Shield            |    55 |   106 ||   161

Table legend:
 A = Non-vault XP
 B = Vault XP
 C = Vault XP percentage of total XP
 D = Non-vault monster count
 E = Vault monster count
 F = Vault count percentage of total count
                 A         B        C        D         E       F
            +---------+---------+-------+---------+---------+-------
      Total |     272 |     145 |  34.8 |      50 |      11 |  18.0
            +---------+---------+-------+---------+---------+-------
        D:1 |      38 |       0 |   0.0 |      21 |       0 |   0.0
        D:2 |      46 |       4 |   8.0 |      12 |       1 |   7.7
        D:3 |      19 |       0 |   0.0 |      13 |       0 |   0.0
        D:4 |     169 |     141 |  45.5 |       4 |      10 |  71.4
            +---------+---------+-------+---------+---------+-------
